 Dungeon Crawl Stone Soup version 0.31-a0-940-gdaa99269f9 (webtiles) character file.

Game seed: 18266596042897103395

1122 IdlyInterested the Slicer (level 8, -17/100 HPs)
             Began as a Demonspawn Gladiator on Oct 20, 2023.
             Demolished by a boulder beetle (36 damage)
             ... on level 6 of the Dungeon.
             The game lasted 00:19:42 (5434 turns).

IdlyInterested the Slicer (Demonspawn Gladiator)    Turns: 5434, Time: 00:19:43

Health: -17/100    AC: 10    Str: 11    XL:     8   Next: 12%
Magic:  9/9        EV:  9    Int: 13    God:
Gold:   1426       SH:  4    Dex: 16    Spells: 4/8 levels left

rFire   + . .        a - +0 rapier
rCold   . . .        (no shield)
rNeg    + . .        t - +0 scale mail
rPois   .            (helmet restricted)
rElec   .            v - +2 cloak
rCorr   .            (no gloves)
SInv    .            (no boots)
Will    .....        (no amulet) Stlth
                     o - ring of protection from fire
HPRegen 0.36/turn    h - ring "Joalub" {Fly rN+ Str-4 Int+3}
MPRegen 0.11/turn

%: no passive effects
@: berserking, flying, very quick
A: horns 1, rugged brown scales 1, foul stench 1, condensation shield, hooves 1,
deterioration 1, robust 1
a: no special abilities


You were on level 6 of the Dungeon.
You visited 2 branches of the dungeon, and saw 7 of its levels.

You collected 1426 gold pieces.

Inventory:

Hand Weapons
 a - a +0 rapier (weapon)
Missiles
 d - 2 throwing nets
 e - a javelin
 i - 24 stones (quivered)
 E - 3 boomerangs
Armour
 b - a +0 leather armour
 g - a +0 ring mail
 t - a +0 scale mail (worn)
 v - a +2 cloak (worn)
 y - a +0 plate armour
Magical Staves
 m - a staff of fire
 z - a staff of earth
Jewellery
 h - the ring "Joalub" (right hand) {Fly rN+ Str-4 Int+3}
   (You acquired it on level 5 of the Dungeon)

   [ring of positive energy]

   Str-4:     It affects your strength (-4).
   Int+3:     It affects your intelligence (+3).
   rN+:       It protects you from negative energy.
   Fly:       It grants you flight.
 o - a ring of protection from fire (left hand)
Talismans
 n - a blade talisman
Scrolls
 c - a scroll of enchant weapon
 l - 3 scrolls of teleportation
 q - a scroll of poison
 s - 2 scrolls of noise
 x - a scroll of vulnerability
 C - a scroll of butterflies
 D - a scroll of fog {unknown}
 F - a scroll of amnesia {unknown}
Potions
 j - a potion of magic {unknown}
 k - a potion of mutation
 p - a potion of resistance {unknown}
 r - a potion of heal wounds {unknown}
 u - a potion of brilliance
 w - a potion of cancellation {unknown}
 A - a potion of ambrosia {unknown}
 B - 2 potions of lignification


   Skills:
 - Level 4.0 Fighting
 * Level 8.1 Short Blades
 - Level 2.0 Throwing
 - Level 1.0 Armour
 - Level 3.0 Dodging
 - Level 1.0 Stealth
 + Level 0.6 Spellcasting
 - Level 1.0 Evocations


You had 4 spell levels left.
You knew the following spells:

 Your Spells              Type           Power      Damage    Failure   Level
a - Manifold Assault      Tloc           0%         N/A       100%        4

Your spell library contained the following spells:

 Spells                   Type           Power      Damage    Failure   Level
 Apportation              Tloc           0%         N/A       88%         1
 Jinxbite                 Hex            0%         N/A       95%         2
 Alistair's Intoxication  Tmut/Pois      0%         N/A       100%        5
 Dispersal                Tloc           0%         N/A       100%        6
 Disjunction              Tloc           0%         N/A       100%        8


Dungeon Overview and Level Annotations

Branches:
Dungeon (6/15)             Temple (1/1) D:5

Altars:
Ashenzari
Fedhas
Hepliaklqana
Kikubaaqudgha
Makhleb
Nemelex Xobeh
Okawaru
Ru
Sif Muna
Trog
Uskayaw
Wu Jian
Xom


Innate Abilities, Weirdness & Mutations

You have a pair of small horns on your head.
You are partially covered in rugged brown scales. (AC +1, +3% HP)
You may rarely emit foul miasma when damaged in melee.
A meltable shield of frost defends you. (SH +4)
You have large cloven feet.
Your body sometimes deteriorates upon taking damage.
You are robust. (+10% HP)


Message History

You catch the helpless boulder beetle completely off-guard!
You hit the boulder beetle but do no damage.
You hit the boulder beetle but do no damage.
You kick the boulder beetle. You headbutt the boulder beetle.
The boulder beetle is lightly wounded.
The boulder beetle struggles against the net.
You hit the boulder beetle but do no damage.
You kick the boulder beetle, but do no damage.
The boulder beetle is lightly wounded.
The boulder beetle struggles against the net.
You hit the boulder beetle but do no damage.
You headbutt the boulder beetle, but do no damage.
The boulder beetle is lightly wounded.
The boulder beetle struggles against the net.
You hit the boulder beetle but do no damage.
You kick the boulder beetle, but do no damage.
The boulder beetle is lightly wounded.
The boulder beetle struggles against the net.
You hit the boulder beetle but do no damage.
You kick the boulder beetle, but do no damage.
The boulder beetle is lightly wounded.
You hit the boulder beetle but do no damage.
The boulder beetle is lightly wounded.
The boulder beetle struggles against the net.
The net rips apart, and the boulder beetle comes free!
You hit the boulder beetle.
You kick the boulder beetle, but do no damage.
The boulder beetle is lightly wounded.
The boulder beetle completely misses you.
It was a potion of berserk rage.
A red film seems to cover your vision as you go berserk!
You feel yourself moving faster!
You feel mighty!
The boulder beetle leaps!
You feel a strong urge to attack something.
The boulder beetle curls into a ball and begins rolling!
You hit the boulder beetle but do no damage.
You kick the boulder beetle. You headbutt the boulder beetle!
Your punch misses the boulder beetle.
The boulder beetle is lightly wounded.
The boulder beetle hits you!!!
You die...

#.#.#.#.##.######)#
## ###.#.#.#.#.##.#
##.##
........#.....>#
#...#
########.......#
#...# #..○....# #...#
#.##.#..#####...###
....#
#.#.....#..........
...#
#.#................
...#
#.@.....#..........
...
#.B.....#####...###
..# ##...##.# #...#
#.# #...##.# #...#
#.# #...##.# #...#
#<# #........# ##.##
#........##..#.##
#.##............#####
# #.................


You could see a boulder beetle (rolling).

Vanquished Creatures
  Eustachio (D:4)
  A black bear (D:4)
  A sky beast (D:6)
  An ogre (D:6)
  A phantom (D:6)
  2 scorpions (D:5)
  A bullfrog (D:5)
  A howler monkey (D:6)
  4 hounds
  An iguana (D:5)
  Natasha (thrice) (D:2)
  An orc wizard (D:4)
  Robin (D:3)
  4 adders
  2 white imps (D:5)
  3 worms
  A dart slug (D:1)
  16 orcs
  9 ball pythons
  3 bats
  5 endoplasms
  4 giant cockroaches
  17 goblins
  9 hobgoblins
  6 jackals
  3 quokkas
  7 frilled lizards
  3 kobolds (D:4)
  4 rats
115 creatures vanquished.

Vanquished Creatures (others)
  A butterfly (D:4)
1 creature vanquished.

Grand Total: 116 creatures vanquished

Notes
Turn   | Place    | Note
-------+----------+-------------------------------------------
     0 | D:1      | IdlyInterested the Demonspawn Gladiator began the quest for
                  | the Orb.
     0 | D:1      | Reached XP level 1. HP: 16/16 MP: 1/1
   205 | D:1      | Reached skill level 3 in Short Blades
   436 | D:1      | Gained mutation: A meltable shield of frost defends you.
                  | (SH +4) [demonic ancestry]
   436 | D:1      | Reached XP level 2. HP: 22/22 MP: 2/2
  1051 | D:2      | Noticed Natasha
  1057 | D:2      | Killed Natasha
  1058 | D:2      | Reached XP level 3. HP: 13/27 MP: 3/3
  1066 | D:2      | Noticed Natasha
  1077 | D:2      | Killed Natasha
  1078 | D:2      | Reached skill level 4 in Short Blades
  1078 | D:2      | Gained mutation: You are partially covered in rugged brown
                  | scales. (AC +1, +3% HP) [demonic ancestry]
  1078 | D:2      | Reached XP level 4. HP: 8/33 MP: 4/4
  1084 | D:2      | Noticed Natasha
  1194 | D:2      | Killed Natasha
  1195 | D:2      | Reached skill level 1 in Armour
  1346 | D:2      | Identified a scroll of acquirement
  1440 | D:2      | Found a faded altar of an unknown god.
  1920 | D:3      | Reached XP level 5. HP: 36/39 MP: 5/5
  2024 | D:3      | Reached skill level 1 in Stealth
  2043 | D:3      | Noticed Robin
  2093 | D:3      | Killed Robin
  2324 | D:3      | Reached skill level 5 in Short Blades
  2382 | D:3      | Found a sacrificial altar of Ru.
  2465 | D:3      | Gained mutation: Your body sometimes deteriorates upon
                  | taking damage. [potion of mutation]
  2465 | D:3      | Gained mutation: You have hidden genetic potential. [potion
                  | of mutation]
  2513 | D:4      | Noticed a black bear
  2524 | D:4      | Killed a black bear
  2525 | D:4      | Reached skill level 1 in Evocations
  2525 | D:4      | Gained mutation: You have a pair of small horns on your
                  | head. [demonic ancestry]
  2525 | D:4      | Reached XP level 6. HP: 24/45 MP: 6/6
  2840 | D:4      | Noticed Eustachio
  2896 | D:4      | Killed Eustachio
  2897 | D:4      | Reached skill level 6 in Short Blades
  2904 | D:4      | Gained mutation: You are robust. (+10% HP) [hidden
                  | potential]
  3472 | D:4      | Found a hazy altar of Hepliaklqana.
  3516 | D:5      | Entered Level 5 of the Dungeon
  3620 | D:5      | Reached XP level 7. HP: 22/57 MP: 7/7
  3915 | D:5      | Reached skill level 7 in Short Blades
  3939 | D:5      | Found an ornate altar of the Wu Jian Council.
  4007 | D:5      | Gained mutation: You have large cloven feet. [hidden
                  | potential]
  4007 | D:5      | Lost mutation: You have hidden genetic potential. [hidden
                  | potential expressed]
  4311 | D:5      | Found a staircase to the Ecumenical Temple.
  4316 | Temple   | Entered the Ecumenical Temple
  4793 | D:5      | Acquired the ring "Joalub" {Fly rN+ Str-4 Int+3}
  5022 | D:6      | Found a sparkling altar of Nemelex Xobeh.
  5059 | D:6      | Found a burning altar of Makhleb.
  5243 | D:6      | Acquired 1234 gold pieces
  5259 | D:6      | Gained mutation: You may rarely emit foul miasma when
                  | damaged in melee. [demonic ancestry]
  5259 | D:6      | Reached XP level 8. HP: 62/67 MP: 8/8
  5364 | D:6      | Reached skill level 8 in Short Blades
  5395 | D:6      | Learned a level 4 spell: Manifold Assault
  5399 | D:6      | Noticed a boulder beetle
  5434 | D:6      | Demolished by a boulder beetle

Illustrated notes

Levels and vault maps discovered:
D:1:      tarquinn_simple_flora_water_a, layout_loops_corners, serial_glass,
          glass_columns_a, glass_columns_b, glass_columns_a, glass_columns_c,
          minmay_misc_feat_encased, minmay_door_square
D:2:      layout_rooms, ebering_ecumenical_altar_webs, item_on_display_a,
          uniq_natasha
D:3:      layout_rooms, nicolae_ru_the_path_less_chosen, uniq_robin
D:4:      layout_loops_cross, nicolae_elyvilon_peaceful_grove,
          worldfamousw_hep_ancestral_shrine, uniq_eustachio
D:5:      layout_loops_corners, lemuel_round_altar,
          minmay_temple_entry_gardened_gates
D:6:      layout_loops_cross, mainiacjoe_overflow_small_starburst,
          bloody_makhleb, yredelemnul_forgotten_temple_becter
Temple:   compressed_dpeg_triangle_lava_temple

Skill      XL: |  1  2  3  4  5  6  7  8 |
---------------+-------------------------+-----
Short Blades   | 3 4 5 6 7 8 |  8.1
Throwing       | 2 |  2.0
Dodging        | 3 |  3.0
Armour         | 1 |  1.0
Stealth        | 1 |  1.0
Evocations     | 1 |  1.0
Fighting       | 3 4 |  4.0
Spellcasting   | |  0.6

Action                     |  1- 3 |  4- 6 |  7- 9 || total
---------------------------+-------+-------+-------++-------
  Melee: Rapier            |    71 |   307 |   162 ||   540
         Punch             |       |     3 |     2 ||     5
         Headbutt          |       |    23 |    39 ||    62
         Kick              |       |       |    48 ||    48
  Throw: Stone             |       |     6 |    16 ||    22
         Javelin           |       |     1 |       ||     1
         Throwing net      |       |     1 |     3 ||     4
    Use: Scroll            |       |     5 |     5 ||    10
         Potion            |       |     6 |     2 ||     8
   Stab: Held in net/web   |       |       |     1 ||     1
 Armour: Leather armour    |    12 |       |       ||    12
         Ring mail         |    27 |    41 |       ||    68
         Scale mail        |       |   161 |    80 ||   241
  Dodge: Dodged            |    29 |   161 |    60 ||   250
  Block: Other             |     4 |    61 |    22 ||    87

Table legend: (Time is in decaauts)
 A = Elapsed time spent in this place.
 B = Non-inter-level travel time spent in this place.
 C = Inter-level travel time spent in this place.
 D = Time resting spent in this place.
 E = Time spent auto-exploring this place.
 F = Levels seen in this place.
 G = Mean time per level.
                   A        B        C        D        E       F      G
               +--------+--------+--------+--------+--------+-----+--------+
         Total |   5409 |   4882 |    527 |    506 |   2979 |   7 |  772.7 |
       Dungeon |   5407 |   4880 |    527 |    506 |   2979 |   6 |  901.2 |
        Temple |      1 |      1 |      0 |      0 |      0 |   1 |    1.0 |
               +--------+--------+--------+--------+--------+-----+--------+

Top non-repeatable levels by time:
     D:5: 1241 daAuts
     D:1: 1167 daAuts
     D:4: 1005 daAuts
     D:3: 747 daAuts
     D:2: 677 daAuts
     D:6: 568 daAuts
  Temple: 1 daAuts
